 Dungeon Crawl Stone Soup version 0.28-a0-1510-gd0f6b136d3 (webtiles) character file.

Game seed: 12777078789118203306

522 tatocazan the Covered (level 7, -9/44 HPs)
             Began as a Gargoyle Fighter on Jan 15, 2022.
             Mangled by a centaur (10 damage)
             ... on level 5 of the Dungeon.
             The game lasted 00:05:07 (5143 turns).

tatocazan the Covered (Gargoyle Fighter)            Turns: 5143, Time: 00:05:07

Health: -9/44      AC: 12    Str: 22    XL:     7   Next: 22%
Magic:  7/7        EV:  9    Int:  8    God:
Gold:   148        SH:  4    Dex:  9    Spells: 6/6 levels left

rFire   . . .      SeeInvis .   a - +1 flail
rCold   . . .      Faith    .   c - +0 buckler
rNeg    + . .      Spirit   .   b - +0 scale mail
rPois   ∞          Reflect  .   (no helmet)
rElec   +          Harm     .   (no cloak)
rCorr   .          Rampage  .   (no gloves)
Will    .....                   (no boots)
Stlth   ..........              (no amulet)
HPRegen 0.14/turn               (no ring)
MPRegen 0.10/turn               (no ring)

@: no status effects
A: sickness immunity, AC +4, negative energy resistance 1, electricity
resistance, torment resistance 1, petrification resistance
a: no special abilities


You were on level 5 of the Dungeon.
You visited 1 branch of the dungeon, and saw 5 of its levels.

You collected 148 gold pieces.

Inventory:

Hand Weapons
 a - a +1 flail (weapon)
Missiles
 e - a throwing net (quivered)
Armour
 b - a +0 scale mail (worn)
 c - a +0 buckler (worn)
Wands
 s - a wand of acid (8)
Scrolls
 g - a scroll of holy word
 h - 5 scrolls of teleportation {unknown}
 i - 4 scrolls of identify
 j - a scroll of silence {unknown}
 o - a scroll of fog {unknown}
 q - a scroll of noise {unknown}
 r - a scroll of summoning {unknown}
Potions
 d - a potion of might
 f - 2 potions of brilliance
 k - a potion of ambrosia {unknown}
 l - a potion of flight {unknown}
 m - 2 potions of curing {unknown}
 n - a potion of invisibility {unknown}
 p - a potion of degeneration {unknown}


   Skills:
 + Level 5.2 Fighting
 + Level 4.1 Maces & Flails
 + Level 5.2 Armour
 + Level 5.1 Shields


You had 6 spell levels left.
You didn't know any spells.
Your spell library contained the following spells:

 Spells                   Type           Power      Damage    Failure   Level
 Confusing Touch          Hex            0%         N/A       99%         3
 Yara's Violent Unravell  Hex/Tmut       0%         3d3       100%        5
 Enfeeble                 Hex            0%         N/A       100%        7


Dungeon Overview and Level Annotations

Branches:
Dungeon (5/15)
 Temple: D:4-7

Altars:
Sif Muna

Shops:
D:2 [


Innate Abilities, Weirdness & Mutations

You are immune to sickness and miasma.
Your stone body is resilient. (AC +4)
You are immune to poison.
You resist negative energy. (rN+)
You are resistant to electric shocks. (rElec)
You are resistant to unholy torment.
You are immune to petrification.


Message History

You hit the gnoll.
The gnoll is moderately wounded.
The gnoll closely misses you.
You closely miss the gnoll.
The gnoll is moderately wounded.
You block the gnoll's attack.
You hit the gnoll.
The gnoll is moderately wounded.
The gnoll barely misses you.
The centaur hits you but does no damage.
You hit the gnoll.
The gnoll is heavily wounded.
The centaur hits you but does no damage.
The gnoll hits you with a +0 whip. The centaur barely misses you.
The gnoll closely misses you.
You take 4 damage, and have 15/44 hp.
You sock the gnoll!
You kill the gnoll!
The centaur unwields a +0 trident.
The centaur wields a +0 shortbow.
The centaur shoots an arrow.
The arrow closely misses you.
The centaur shoots an arrow.
The arrow hits you.
* * * LOW HITPOINT WARNING * * *
You take 6 damage, and have 9/44 hp.
The centaur unwields a +0 shortbow.
The centaur wields a +0 trident.
The centaur completely misses you. You block the centaur's attack.
Things that are here:
a +0 whip; a +0 spear; a gnoll corpse You sock the centaur!
The centaur is severely wounded.
The centaur hits you but does no damage.
The centaur kicks you.
* * * LOW HITPOINT WARNING * * *
The centaur hits you with a +0 trident!
* * * LOW HITPOINT WARNING * * *
The centaur kicks you but does no damage.
You take 8 damage, and have 1/44 hp.
You barely miss the centaur.
The centaur is severely wounded.
The centaur hits you with a +0 trident!
You die...

#.......#.#
#.......#.#
########..#####.#
.........># #.#
########.## #.#
#..# #.# #.## #..
#)# ##. #@# . #c#
## ..# #.## #. #.
#. ..


You could see a centaur.

Vanquished Creatures
  A water moccasin (D:3)
  A kobold brigand (D:4)
  A scorpion (D:4)
  A howler monkey (D:4)
  A gnoll shaman (D:5)
  2 iguanas
  Natasha (D:2)
  3 gnolls (D:5)
  5 adders
  2 worms
  A dart slug (D:2)
  3 orcs
  4 bats
  3 endoplasms
  3 giant cockroaches
  4 goblins
  6 hobgoblins
  6 jackals
  3 quokkas
  6 ball pythons (D:1)
  4 frilled lizards
  6 kobolds
  4 rats
71 creatures vanquished.

Vanquished Creatures (others)
  A fungus (D:1)
1 creature vanquished.

Grand Total: 72 creatures vanquished

Notes
Turn   | Place    | Note
-------+----------+-------------------------------------------
     0 | D:1      | tatocazan the Gargoyle Fighter began the quest for the Orb.
     0 | D:1      | Reached XP level 1. HP: 14/14 MP: 1/1
   274 | D:1      | Reached XP level 2. HP: 12/19 MP: 2/2
  1050 | D:1      | Reached XP level 3. HP: 23/23 MP: 3/3
  1749 | D:2      | Found Xufuit's Antique Armour Boutique.
  2058 | D:2      | Found a shimmering blue altar of Sif Muna.
  2312 | D:2      | Noticed Natasha
  2319 | D:2      | Killed Natasha
  2320 | D:2      | Reached XP level 4. HP: 18/29 MP: 4/4
  3099 | D:3      | Found a faded altar of an unknown god.
  3524 | D:4      | Noticed a kobold brigand
  3536 | D:4      | Killed a kobold brigand
  3537 | D:4      | Reached XP level 5. HP: 11/34 MP: 5/5
  3804 | D:4      | Reached XP level 6. HP: 23/39 MP: 6/6
  4003 | D:4      | Noticed a water moccasin
  4027 | D:3      | Killed a water moccasin
  4592 | D:4      | Reached skill level 5 in Fighting
  4592 | D:4      | Reached skill level 5 in Armour
  4715 | D:4      | Reached skill level 5 in Shields
  4846 | D:4      | Reached XP level 7. HP: 42/44 MP: 7/7
  5041 | D:5      | Entered Level 5 of the Dungeon
  5142 | D:5      | HP: 1/44 [centaur (7)]
  5143 | D:5      | Mangled by a centaur

Illustrated notes

Levels and vault maps discovered:
D:1:      dpeg_cavernosity, layout_basic, minmay_hexomino_p4
D:2:      layout_basic, serial_shops, nicolae_shop_waterfront, basic_altar,
          hangedman_decor_lopped, kennysheep_generic_room_11, uniq_natasha
D:3:      layout_loops_corners, ebering_ecumenical_altar_rust
D:4:      layout_rooms, grunt_ministairs_6
D:5:      lemuel_ice_spiral_2, layout_basic, uniq_menkaure, uniq_grinder

Skill      XL: |  1  2  3  4  5  6  7 |
---------------+----------------------+-----
Armour         | 4 5 |  5.2
Fighting       | 4 5 |  5.2
Shields        | 4 5 |  5.1
Maces & Flails | 3 4 |  4.1

Action                   |  1- 3 |  4- 6 |  7- 9 || total
-------------------------+-------+-------+-------++-------
Melee: Flail             |   130 |   130 |    26 ||   286
  Use: Scroll            |     3 |       |       ||     3
       Potion            |       |     1 |       ||     1
Armor: Scale mail        |    72 |    72 |    14 ||   158
Dodge: Dodged            |    70 |    68 |    12 ||   150
Block: Buckler           |    31 |    29 |     5 ||    65

Table legend: (Time is in decaauts)
 A = Elapsed time spent in this place.
 B = Non-inter-level travel time spent in this place.
 C = Inter-level travel time spent in this place.
 D = Time resting spent in this place.
 E = Time spent auto-exploring this place.
 F = Levels seen in this place.
 G = Mean time per level.
                   A        B        C        D        E       F      G
               +--------+--------+--------+--------+--------+-----+--------+
         Total |   5236 |   5068 |    168 |   1516 |   2913 |   5 | 1047.2 |
       Dungeon |   5236 |   5068 |    168 |   1516 |   2913 |   5 | 1047.2 |
               +--------+--------+--------+--------+--------+-----+--------+

Top non-repeatable levels by time:
     D:1: 1758 daAuts
     D:3: 1443 daAuts
     D:4: 1032 daAuts
     D:2: 894 daAuts
     D:5: 107 daAuts
